 Dungeon Crawl Stone Soup version 0.25-a0-10-g2fe12d4386 (webtiles) character file.

Game seed: 16029599026108827136, levelgen mode: deterministic

160433 MordorOrchid the Devastator (level 16, 0/72 HPs)
             Began as a Felid Fire Elementalist on Oct 15, 2019.
             Was a High Priest of Qazlal.
             Slain by a redback (13 damage)
             ... on level 1 of the Spider Nest on Oct 16, 2019.
             The game lasted 03:55:19 (59770 turns).

MordorOrchid the Devastator (FeFE)                 Turns: 59770, Time: 03:55:19

Health: 0/72       AC:  3    Str:  6    XL:     16   Next: 91%
Magic:  44/52      EV: 16    Int: 22    God:    Qazlal [*****.]
Gold:   1230       SH:  0    Dex: 20    Spells: 3/42 levels left
                                        Lives:  0   Deaths: 4

rFire    . . .     SeeInvis +     - Unarmed
rCold    + . .     Gourm    .   (shield unavailable)
rNeg     . . .     Faith    .   (armour unavailable)
rPois    +         Spirit   .   (helmet unavailable)
rElec    .         Reflect  .   (cloak unavailable)
rCorr    .         Harm     .   (gloves unavailable)
MR       +++..                  (boots unavailable)
Stlth    +.........             U - amulet "Natsenorpho" {rPois Regen+}
HPRegen  1.62/turn              M - ring of magical power
MPRegen  0.33/turn              y - ring of magical power

@: lethally poisoned (0 -> 0), held, regenerating, repel missiles, quick
A: very small, no armour, no weapons or thrown items, stealth, claws 1, fangs 3,
see invisible, agile 1, carnivore, clever 1, speed 1, magic resistance 1, shaggy
fur 3, slow metabolism 1, sharp paws
}: 1/15 runes: barnacled
a: Upheaval, Elemental Force, Disaster Area, Renounce Religion


You were on level 1 of the Spider Nest.
You worshipped Qazlal.
Qazlal was extremely pleased with you.
You were not hungry.

You visited 6 branches of the dungeon, and saw 31 of its levels.
You also visited: Ice Cave.

You collected 3980 gold pieces.
You spent 2750 gold pieces at shops.

Inventory:

Jewellery
 t - an uncursed ring of positive energy
 u - an uncursed ring of poison resistance
 y - a ring of magical power (right paw)
 z - an uncursed ring of wizardry
 E - an uncursed ring of ice
 J - an uncursed ring of protection from fire
 M - a ring of magical power (left paw)
 Q - the ring of Yhig {MR+ Str+4}
   (You bought it in a shop on level 12 of the Dungeon)

   [ring of strength]

   It affects your strength (+4).
   It affects your resistance to hostile enchantments.
 U - the amulet "Natsenorpho" (around neck) {rPois Regen+}
   (You took it off a deep elf mage on level 3 of the Elven Halls)

   [amulet of regeneration]

   It protects you from poison.
   It increases your rate of regeneration.
 V - the amulet "Baekes" {Acrobat Int+3 Dex+3 Slay+5}
   (You took it off a deep elf elementalist on level 3 of the Elven Halls)

   [amulet of the acrobat]

   It helps you evade while moving and waiting.
   It affects your intelligence (+3).
   It affects your dexterity (+3).
   It affects your accuracy and damage with ranged weapons and melee attacks
   (+5).
 X - the ring "Peteiph" {rPois rF++ Str-5}
   (You took it off a deep elf master archer on level 3 of the Elven Halls)

   [ring of poison resistance]

   It affects your strength (-5).
   It greatly protects you from fire.
   It protects you from poison.
 Y - a +4 amulet of reflection
Wands
 h - a wand of paralysis (7)
 j - a wand of acid (1)
 v - a wand of iceblast (25)
 B - a wand of polymorph (24)
 C - a wand of random effects (19)
 L - a wand of digging (5)
 N - a wand of enslavement (21)
 S - a wand of disintegration (26)
 Z - a wand of flame (18)
Scrolls
 a - 9 scrolls of fog
 i - 7 scrolls of remove curse
 k - 8 scrolls of blinking
 l - 5 scrolls of magic mapping
 m - 8 scrolls of fear
 p - 2 scrolls of summoning
 q - 3 scrolls of teleportation
 w - 6 scrolls of immolation
 A - 9 scrolls of amnesia
 F - 7 scrolls of identify
 P - 2 scrolls of vulnerability
Potions
 c - 7 potions of heal wounds
 d - 4 potions of ambrosia
 e - a potion of brilliance
 f - 3 potions of curing
 g - 4 potions of haste
 r - 2 potions of agility
 x - 3 potions of might
 D - 5 potions of flight
 I - 4 potions of lignification
 K - a potion of resistance
 R - 2 potions of berserk rage
Miscellaneous
 s - a lightning rod (1/4)
 H - a phial of floods
 T - a box of beasts
Comestibles
 b - 50 rations


   Skills:
 * Level 9.4 Fighting
 * Level 13.7 Dodging
 - Level 3.0 Stealth
 - Level 7.0 Unarmed Combat
 + Level 13.5 Spellcasting
 * Level 16.4 Conjurations
 - Level 3.0 Charms
 - Level 4.1 Summonings
 - Level 4.0 Necromancy
 - Level 12.0 Fire Magic
 - Level 8.0 Ice Magic
 - Level 8.0 Air Magic
 * Level 3.0 Earth Magic
 - Level 2.0 Poison Magic
 - Level 10.0 Invocations
 - Level 8.0 Evocations


You had 3 spell levels left.
You knew the following spells:

 Your Spells              Type           Power        Failure   Level  Hunger
a - Flame Tongue          Conj/Fire      #####        0%          1    None
b - Throw Flame           Conj/Fire      ######       1%          2    None
c - Conjure Flame         Conj/Fire      ######..     1%          3    None
d - Inner Flame           Hex/Fire       #####...     1%          3    None
e - Sticky Flame          Conj/Fire      ######..     1%          4    None
f - Fireball              Conj/Fire      ######....   1%          5    ###....
g - Mephitic Cloud        Conj/Pois/Air  ######..     1%          3    None
h - Bolt of Magma         Conj/Fire/Erth ######....   1%          5    ###....
j - Summon Lightning Spi  Summ/Air       #####...     3%          4    None
k - Regeneration          Chrm/Necr      ####......   3%          3    None
l - Freezing Cloud        Conj/Ice/Air   ######....   8%          6    #####..

Your spell library contained the following spells:

 Spells                   Type           Power        Failure   Level  Hunger
 Infusion                 Chrm           ####         1%          1    None
 Sandblast                Erth           ####..       1%          1    None
 Sting                    Conj/Pois      ####         1%          1    None
 Summon Small Mammal      Summ           ####         1%          1    None
 Call Imp                 Summ           ####....     1%          2    None
 Poisonous Vapours        Pois/Air       #####.       1%          2    None
 Song of Slaying          Chrm           ####....     1%          2    None
 Swiftness                Chrm/Air       #####...     1%          2    None
 Ignite Poison            Fire/Tmut/Pois #####...     1%          3    None
 Static Discharge         Conj/Air       ######..     1%          3    None
 Stone Arrow              Conj/Erth      ######       1%          3    None
 Call Canine Familiar     Summ           ####....     2%          3    None
 Passwall                 Tmut/Erth      ###.....     3%          2    None
 Shroud of Golubria       Chrm/Tloc      ###...       3%          2    None
 Beastly Appendage        Tmut           ##....       4%          1    None
 Corona                   Hex            ##.....      4%          1    None
 Recall                   Summ/Tloc      N/A          5%          3    None
 Summon Guardian Golem    Hex/Summ       ###.....     5%          3    None
 Slow                     Hex            ##......     6%          2    None
 Sticks to Snakes         Tmut           ##......     6%          2    None
 Spider Form              Tmut/Pois      ###.......   9%          3    None
 Lightning Bolt           Conj/Air       ######....   1%          5    ###....
 Bolt of Fire             Conj/Fire      ######....   1%          6    #####..
 Iskenderun's Battlesphe  Conj/Chrm      ######..     2%          5    ###....
 Venom Bolt               Conj/Pois      ######....   2%          5    ###....
 Summon Ice Beast         Ice/Summ       #####...     3%          4    None
 Orb of Destruction       Conj           ######....   4%          7    ######.
 Ice Form                 Ice/Tmut       ####....     9%          4    None
 Iron Shot                Conj/Erth      ######....   12%         6    #####..
 Aura of Abjuration       Summ           ####......   21%         5    ###....
 Summon Demon             Summ           ####......   21%         5    ###....
 Leda's Liquefaction      Hex/Erth       ###.......   22%         4    None
 Petrify                  Tmut/Erth      ###.....     22%         4    None
 Lee's Rapid Deconstruct  Erth           ####......   34%         5    ###....
 Cause Fear               Hex            ##........   38%         4    None
 Passage of Golubria      Tloc           N/A          38%         4    None
 Summon Forest            Summ/Tloc      ###.......   45%         5    ###....
 Summon Mana Viper        Hex/Summ       ###.....     45%         5    ###....
 Spellforged Servitor     Conj/Summ      ######....   45%         7    ######.
 Alistair's Intoxication  Tmut/Pois      ###.....     58%         5    ###....
 Blade Hands              Tmut           ##........   75%         5    ###....
 Shadow Creatures         Summ           N/A          75%         6    #####..
 Ring of Flames           Chrm/Fire      #####.....   86%         7    ######.
 Ignition                 Fire           ######....   90%         8    #######
 Statue Form              Tmut/Erth      ###......    98%         6    #####..
 Darkness                 Hex            ##........   100%        6    #####..
 Invisibility             Hex            ##......     100%        6    #####..
 Dragon Form              Tmut           ##........   100%        7    ######.
 Dragon's Call            Summ           ####......   100%        9    #######
 Shatter                  Erth           ####......   100%        9    #######
 Tornado                  Air            ######....   100%        9    #######
 Spectral Weapon          Hex/Chrm       Unusable     N/A         3    N/A
 Portal Projectile        Hex/Tloc       Unusable     N/A         3    N/A

Dungeon Overview and Level Annotations

Branches:
Dungeon (15/15)            Temple (0/1) D:5            Lair (6/6) D:9
 Shoals (4/4) Lair:4       Spider (1/4) Lair:2        Slime (0/5) Lair:6
    Orc (2/2) D:11            Elf (3/3) Orc:2        Vaults (0/5) D:13
 Depths (0/5) D:15          IceCv (visited)

Altars:
Ashenzari
Cheibriados
Dithmenos
Gozag
Hepliaklqana
Makhleb
Qazlal
Sif Muna
Trog
Uskayaw
Vehumet
Xom
Zin
The Shining One
Beogh

Shops:
D:4 *=(*   D:8 (   D:12 **   Orc:2 :*[(   Elf:1 ??*:   Elf:3 =}=(   Shoals:1 (
Shoals:2 (*

Portals:
Hell: Lair:6

Annotations:
D:5 exclusion: statue
D:14 2 transporters, kmx's ghost, journeyman GnEE
Shoals:1 3 runed translucent doors, scimitardk's ghost, journeyman MiBe
Shoals:3 1 runed translucent door, Gyuss's ghost, adept MiBe
Elf:2 3 runed translucent doors


Innate Abilities, Weirdness & Mutations

You cannot wear armour.
You are incapable of wielding weapons or throwing items.
Your paws allow you to move quietly. (Stealth)
You have sharp claws.
You have razor-sharp teeth.
You have supernaturally acute eyesight. (SInv)
You are carnivorous and can eat meat at any time.
You cover ground quickly.
Your thick and shaggy fur keeps you warm. (AC +3, rC+)
You have a slow metabolism.
Your sharp claws are effective at attacking unaware monsters.
You are agile. (Dex +2)
Your mind is acute. (Int +2)
You are resistant to hostile enchantments. (MR+)


Message History

You feel sick.
A tarantella and a redback come into view.
You feel sick.
The tarantella hisses angrily.
You hear an angry hiss.
A tarantella comes into view.
The tarantella hisses angrily.
You hear a hideous shriek!
You feel sick.
You feel sick.
You hear an angry hiss. x3
The redback misses you.
You feel sick. The redback bites you!
The jumping spider leaps!
You feel sick. The jumping spider pounces on you!
* * * LOW HITPOINT WARNING * * *
You are caught in a web!
The jumping spider barely misses you.
A demonic crawler comes into view.
There is a web here.
Unknown command.
You struggle to detach yourself from the web.
You feel sick. The redback bites you!
You die...

##. ....# ##..#
#####..s.....
#..^.###............
#####...#......s......
#...###..†....s......
#..........°..s..^..
#^#.....°..○§°s.§#
####.......s..§#
#)..(...°☼s@○.#
###......○§°.<○.##
#.[..........§.○.#
##.†......††...###
###........†.†...#
##...........††..##
#...#.........†###
#...##.#........###
###.####..........# #


You could see a demonic crawler, 2 jumping spiders, 2 tarantellas and 2
redbacks.

Vanquished Creatures
  Jorgrun (D:13)
  A deep elf master archer (Elf:3)
  A deep elf blademaster (Elf:2)
  A kraken (Shoals:1)
  Gastronok (D:12)
  Polyphemus (Shoals:4)
  Frances (D:13)
  Ilsuiw (Shoals:4)
  2 frost giants
  6 deep elf sorcerers
  3 deep elf elementalists (Elf:3)
  2 orc warlords (Orc:1)
  A stone giant (Orc:1)
  3 deep elf annihilators (Elf:3)
  3 deep elf demonologists
  A dire elephant (Lair:6)
  3 deep elf death magi
  An ettin (Orc:2)
  5 merfolk javelineers
  The ghost of cynry the Thaumaturge, a journeyman GnSk of Okawaru (Lair:1)
  A rakshasa (D:9)
  7 merfolk impalers
  A deep elf high priest (Elf:3)
  Josephine (D:12)
  Fannar (D:10)
  14 hydras
  A catoblepas (shapeshifter) (Elf:2)
  A centaur warrior (D:13)
  An alligator snapping turtle (Shoals:2)
  9 two-headed ogres
  A two-headed ogre (shapeshifter) (D:15)
  3 death knights
  5 tengu warriors
  11 dancing weapons
  7 merfolk aquamancers
  A satyr (Shoals:3)
  4 orc high priests (Orc:2)
  3 death yaks (Shoals:4)
  The ghost of Xerberus86 the Cleaver, a novice HuFi of Okawaru (Lair:1)
  7 deep elf knights
  A sixfirhy (Lair:6)
  A skeletal warrior (D:15)
  11 sea snakes
  An unseen horror (D:11)
  10 deep elf archers
  2 wizards
  8 harpies
  A necromancer (Lair:2)
  4 orc knights
  An orb spider (Spider:1)
  4 ugly things
  4 wolf spiders (Spider:1)
  4 oklob plants (Lair:6)
  36 deep elf magi
  5 cyclopes
  17 manticores
  7 fauns
  3 orc sorcerers (Orc:2)
  6 elephants (Lair:5)
  4 merfolk sirens
  5 water nymphs
  5 black mambas
  An ice statue (IceCv)
  12 spiny frogs
  A gargoyle (D:10)
  5 kobold demonologists
  3 orange demons (Lair:6)
  A redback zombie (D:15)
  12 komodo dragons
  3 centaur skeletons
  5 yaktaurs
  An efreet (D:15)
  9 rime drakes
  An ice devil (Lair:6)
  2 tengu conjurers (D:15)
  A red devil (Lair:6)
  A hellwing (Lair:6)
  22 merfolk
  6 trolls
  A wind drake (shapeshifter) (D:15)
  A harpy skeleton (D:14)
  16 polar bears (IceCv)
  4 jumping spiders (Spider:1)
  18 slime creatures
  A blink frog (shapeshifter) (D:15)
  A hornet (shapeshifter) (D:15)
  18 blink frogs
  A hornet (Lair:2)
  Grinder (D:6)
  5 dream sheep
  17 hippogriffs
  3 wind drakes
  A meliai zombie (D:14)
  5 snapping turtles
  8 water elementals
  A spriggan (D:7)
  A vampire (D:14)
  An air elemental (Elf:1)
  7 redbacks (Spider:1)
  5 wraiths
  13 wyverns
  52 yaks
  3 fire elementals
  5 basilisks
  3 hungry ghosts
  5 vampire mosquitoes
  Menkaure (D:6)
  Edmund (D:5)
  5 wargs
  13 water moccasins
  A soldier ant (D:13)
  5 hell hounds (Lair:6)
  11 porcupines
  45 orc warriors
  An ice beast (D:11)
  6 black bears
  A hornet zombie (D:15)
  3 eyes of draining
  16 ogres
  6 sky beasts
  3 phantoms
  7 wolves
  7 boggarts (D:15)
  9 centaurs
  11 crocodiles
  7 big kobolds
  20 bullfrogs
  3 earth elementals
  2 scorpions
  5 wights (D:10)
  10 killer bees
  3 howler monkeys
  12 crimson imps
  3 centaur zombies
  5 hounds
  3 bullfrog skeletons
  6 jellies
  18 orc priests
  3 iguanas
  40 orc wizards
  Terence (D:3)
  11 worker ants
  2 polar bear simulacra (Lair:2)
  3 yak simulacra (Lair:2)
  3 wolf simulacra (Lair:2)
  A hound skeleton (D:5)
  13 gnolls
  A howler monkey skeleton (D:5)
  14 adders
  4 shadow imps
  3 white imps
  3 oozes
  An adder skeleton (D:4)
  5 worms
  2 dart slugs
  4 leopard geckos
  104 orcs
  6 giant cockroaches
  8 goblins
  7 hobgoblins
  3 jackals
  4 quokkas
  6 bats
  11 frilled lizards
  A giant cockroach zombie (D:5)
  A jackal zombie (D:6)
  15 kobolds
  A leopard gecko skeleton (D:7)
  A leopard gecko zombie (D:6)
  7 rats
  3 river rat simulacra (Lair:2)
  A bush (Elf:3)
  7 fungi
  7 plants
1098 creatures vanquished.

Vanquished Creatures (collateral kills)
  Mara (Elf:3)
  A deep elf master archer (Elf:3)
  A deep elf blademaster (Elf:3)
  Donald (Shoals:2)
  A deep elf elementalist (Elf:3)
  A deep elf annihilator (Elf:3)
  A deep elf demonologist (Elf:3)
  A merfolk javelineer (Shoals:4)
  A deep elf death mage (Elf:3)
  A deep elf high priest (Elf:3)
  2 ogre magi
  A catoblepas (Shoals:4)
  A tengu warrior (D:14)
  A death yak (Shoals:4)
  3 sea snakes
  2 deep elf archers
  An orb spider (Spider:1)
  A wolf spider (Spider:1)
  7 deep elf magi
  A manticore (Shoals:4)
  2 merfolk sirens
  2 merfolk (Shoals:4)
  A slime creature (D:15)
  A snapping turtle (Shoals:2)
  A redback (Spider:1)
  A water elemental (Shoals:4)
  3 vampire mosquitoes
  2 centaurs (Shoals:4)
  A crimson imp (D:12)
  An orc (D:14)
  A fungus (Elf:3)
  2 plants (Shoals:4)
48 creatures vanquished.

Vanquished Creatures (others)
  A crocodile (Lair:6)
  51 fungi
  40 plants
  68 tentacles (Shoals:1)
  6 withered plants (Lair:1)
166 creatures vanquished.

Grand Total: 1312 creatures vanquished

Notes
Turn   | Place    | Note
-------+----------+-------------------------------------------
     0 | D:1      | MordorOrchid the Felid Fire Elementalist began the quest
                  | for the Orb.
     0 | D:1      | Reached XP level 1. HP: 7/7 MP: 4/4
   122 | D:1      | Reached skill level 1 in Conjurations
   242 | D:1      | Reached XP level 2. HP: 11/11 MP: 6/6
   251 | D:1      | Learned a level 2 spell: Throw Flame
  1166 | D:2      | Reached skill level 1 in Unarmed Combat
  1166 | D:2      | Reached XP level 3. HP: 11/15 MP: 0/7
  1174 | D:2      | Learned a level 3 spell: Conjure Flame
  1259 | D:2      | Found a stormy altar of Qazlal.
  1264 | D:2      | Became a worshipper of Qazlal Stormbringer
  1418 | D:2      | Found a bloodstained altar of Trog.
  1440 | D:2      | Reached skill level 1 in Fighting
  1628 | D:2      | Found a shadowy altar of Dithmenos.
  1853 | D:2      | Reached XP level 4. HP: 19/19 MP: 5/8
  2160 | D:2      | Found an opulent altar of Gozag.
  2576 | D:3      | Reached skill level 2 in Conjurations
  2584 | D:3      | Reached * piety under Qazlal
  2989 | D:3      | Noticed Terence
  3048 | D:3      | Killed Terence
  3048 | D:3      | Reached XP level 5. HP: 22/22 MP: 0/9
  3515 | D:3      | Learned a level 3 spell: Inner Flame
  3575 | D:4      | Found a shattered altar of Ashenzari.
  4087 | D:4      | Found Raeposor's Weapon Shop.
  4098 | D:4      | Found Wopoehyt's Jewellery Shoppe.
  4193 | D:4      | Found Otipeparph's General Store.
  4197 | D:4      | Bought a scroll of fear for 35 gold pieces
  4197 | D:4      | Bought a ration for 50 gold pieces
  4264 | D:4      | Found a glowing silver altar of Zin.
  4372 | D:4      | Found Yneok's General Store.
  4434 | D:4      | Bought a scroll of immolation for 42 gold pieces
  4879 | D:4      | Gained mutation: You are covered in thick fur. (AC +2)
                  | [Felid growth]
  4879 | D:4      | Reached XP level 6. HP: 18/26 MP: 5/11
  4981 | D:5      | Entered Level 5 of the Dungeon
  4998 | D:5      | Found a radiant altar of Vehumet.
  5024 | D:5      | Reached skill level 1 in Invocations
  5403 | D:5      | Found a staircase to the Ecumenical Temple.
  5464 | D:5      | Found a shimmering blue altar of Sif Muna.
  5613 | D:5      | Found a hide-covered altar of Uskayaw.
  5630 | D:5      | Noticed Edmund
  5643 | D:5      | Killed Edmund
  5643 | D:5      | Reached skill level 3 in Conjurations
  5643 | D:5      | Reached XP level 7. HP: 10/30 MP: 3/13
  5909 | D:5      | Learned a level 4 spell: Sticky Flame
  6042 | D:6      | Noticed Menkaure
  6998 | D:6      | Killed Menkaure
  6998 | D:6      | Reached skill level 5 in Dodging
  6998 | D:6      | Reached skill level 1 in Evocations
  6998 | D:6      | Reached XP level 8. HP: 33/33 MP: 16/16
  7057 | D:6      | Noticed Grinder
  7217 | D:6      | Reached ** piety under Qazlal
  7325 | D:6      | Paralysed by Grinder for 3 turns
  7333 | D:6      | Killed Grinder
  7333 | D:6      | Reached skill level 5 in Spellcasting
  7582 | D:7      | Found a glowing golden altar of the Shining One.
  7903 | D:7      | Reached skill level 4 in Conjurations
  8206 | D:7      | You fall into a shaft and drop 2 floors!
  8277 | D:8      | Found Woffanli's Weapon Shoppe.
  8423 | D:8      | Reached skill level 5 in Fire Magic
  8475 | D:8      | Shot with an arrow by a centaur
  8476 | D:8      | Reached XP level 7. HP: 0/30 MP: 18/25
  8517 | D:8      | Reached XP level 8. HP: 15/33 MP: 17/17
  8533 | D:8      | Noticed a two-headed ogre
  8557 | D:8      | Killed a two-headed ogre
  8774 | D:7      | Learned a level 5 spell: Fireball
  8910 | D:7      | Reached XP level 9. HP: 20/36 MP: 18/19
  8998 | D:7      | Found a snail-covered altar of Cheibriados.
  9202 | D:7      | Found a hazy altar of Hepliaklqana.
  9307 | D:8      | Reached skill level 5 in Conjurations
  9535 | D:8      | Reached *** piety under Qazlal
  9828 | D:8      | Noticed a two-headed ogre
  9850 | D:8      | Killed a two-headed ogre
  9850 | D:8      | Reached skill level 5 in Invocations
 10160 | D:8      | Found a glowing golden altar of the Shining One.
 10718 | D:9      | Reached skill level 5 in Evocations
 10790 | D:9      | Reached XP level 10. HP: 19/40 MP: 19/21
 11501 | D:9      | Found a staircase to the Lair.
 11868 | D:10     | Entered Level 10 of the Dungeon
 12052 | D:10     | Reached **** piety under Qazlal
 12219 | D:10     | Noticed a tengu warrior
 12226 | D:10     | Noticed a rakshasa
 12228 | D:10     | Killed a tengu warrior
 12228 | D:10     | Reached skill level 6 in Conjurations
 12478 | D:10     | Noticed a gargoyle
 12482 | D:10     | Killed a gargoyle
 12810 | D:9      | Killed a rakshasa
 13031 | D:10     | Noticed Fannar
 13167 | D:10     | Killed Fannar
 13167 | D:10     | Reached XP level 11. HP: 35/45 MP: 3/23
 13526 | D:10     | Learned a level 3 spell: Mephitic Cloud
 13875 | Lair:1   | Entered Level 1 of the Lair of Beasts
 13890 | Lair:1   | Noticed a four-headed hydra
 13897 | Lair:1   | Killed a four-headed hydra
 13901 | Lair:1   | Reached skill level 1 in Poison Magic
 13911 | Lair:1   | Reached skill level 1 in Air Magic
 14420 | Lair:1   | Noticed a six-headed hydra
 14435 | Lair:1   | Killed a six-headed hydra
 14440 | Lair:1   | Noticed a six-headed hydra
 14509 | Lair:1   | Killed a six-headed hydra
 15084 | Lair:1   | Noticed cynry's ghost (journeyman GnSk)
 15085 | Lair:1   | Found a runed translucent gate.
 15086 | Lair:1   | Found a runed translucent gate.
 15087 | Lair:1   | Found a runed translucent gate.
 15088 | Lair:1   | Noticed Xerberus86's ghost (novice HuFi)
 15290 | Lair:2   | Found a frozen archway.
 15292 | Lair:2   | Noticed a seven-headed hydra
 15303 | Lair:2   | Killed a seven-headed hydra
 15420 | IceCv    | Entered an ice cave
 15440 | IceCv    | Reached ***** piety under Qazlal
 15440 | IceCv    | Reached skill level 7 in Conjurations
 15448 | IceCv    | Demolished by a polar bear
 15449 | IceCv    | Reached XP level 10. HP: -15/43 MP: 4/32
 15458 | IceCv    | Reached XP level 11. HP: 20/46 MP: 24/24
 15739 | IceCv    | Reached skill level 5 in Fighting
 15964 | IceCv    | Identified the +8 halberd "Volouliz" {chop, +Blink +Fly}
 15964 | IceCv    | Noticed a frost giant
 15983 | IceCv    | Gained mutation: You are weak. (Str -2) [potion of
                  | mutation]
 15983 | IceCv    | Gained mutation: You are resistant to hostile enchantments.
                  | (MR+) [potion of mutation]
 15983 | IceCv    | Gained mutation: You are agile. (Dex +2) [potion of
                  | mutation]
 15984 | IceCv    | Lost mutation: You are weak. (Str -2) [potion of mutation]
 15984 | IceCv    | Lost mutation: You are resistant to hostile enchantments.
                  | (MR+) [potion of mutation]
 15984 | IceCv    | Gained mutation: You are resistant to hostile enchantments.
                  | (MR+) [potion of mutation]
 15984 | IceCv    | Gained mutation: Your mind is acute. (Int +2) [potion of
                  | mutation]
 16044 | IceCv    | Killed a frost giant
 16044 | IceCv    | Reached skill level 5 in Unarmed Combat
 16113 | IceCv    | Reached skill level 10 in Dodging
 17215 | Lair:2   | Noticed a five-headed hydra
 17276 | Lair:2   | Killed a five-headed hydra
 17961 | Lair:2   | Found a hole to the Spider Nest.
 17969 | Lair:2   | Gained mutation: Your thick and shaggy fur keeps you warm.
                  | (AC +3, rC+) [Felid growth]
 17969 | Lair:2   | Reached XP level 12. HP: 52/52 MP: 22/26
 19172 | Lair:3   | Noticed a four-headed hydra
 19337 | Lair:3   | Noticed a four-headed hydra
 19342 | Lair:3   | Killed a four-headed hydra
 19558 | Lair:3   | Killed a four-headed hydra
 20265 | Lair:4   | Reached skill level 8 in Conjurations
 20659 | Lair:4   | Found a staircase to the Shoals.
 21355 | Lair:4   | Learned a level 6 spell: Freezing Cloud
 21697 | Lair:5   | Reached XP level 13. HP: 56/56 MP: 5/27
 21698 | Lair:5   | Reached skill level 1 in Ice Magic
 23116 | Lair:6   | Entered Level 6 of the Lair of Beasts
 23593 | Lair:6   | Noticed a dire elephant
 24253 | Lair:6   | Found a staircase to the Slime Pits.
 24656 | Lair:6   | Reached ****** piety under Qazlal
 24661 | Lair:6   | Reached skill level 5 in Air Magic
 24826 | Lair:6   | Reached skill level 10 in Spellcasting
 25721 | Lair:5   | Reached skill level 9 in Conjurations
 26212 | Lair:6   | Reached XP level 14. HP: 61/61 MP: 28/29
 27433 | Lair:6   | Found a burning altar of Makhleb.
 27439 | Lair:6   | Found a gateway to Hell.
 28094 | Lair:6   | Reached skill level 10 in Conjurations
 28460 | D:11     | Found a staircase to the Orcish Mines.
 29303 | D:11     | Found a roughly hewn altar of Beogh.
 29665 | Orc:1    | Entered Level 1 of the Orcish Mines
 29845 | Orc:1    | Reached skill level 11 in Conjurations
 30135 | Orc:2    | Entered Level 2 of the Orcish Mines
 30278 | Orc:2    | Noticed an orc warlord
 30476 | Orc:1    | Killed an orc warlord
 30877 | Orc:2    | Found a staircase to the Elven Halls.
 31088 | Orc:2    | Reached skill level 12 in Conjurations
 31206 | Orc:2    | Noticed an orc warlord
 31225 | Orc:1    | Killed an orc warlord
 32602 | Orc:2    | Reached skill level 13 in Conjurations
 32783 | Orc:2    | Noticed a stone giant
 32930 | Orc:1    | Killed a stone giant
 32930 | Orc:1    | Reached skill level 5 in Ice Magic
 33222 | Orc:2    | Found Kotys's General Store.
 33223 | Orc:2    | Found Weutiry's Book Shoppe.
 33224 | Orc:2    | Found Tamov's Antique Armour Shoppe.
 33224 | Orc:2    | Found Pyab's Antique Weapon Emporium.
 33238 | Orc:2    | Bought a scroll of fog for 28 gold pieces
 33238 | Orc:2    | Bought a scroll of identify for 28 gold pieces
 33238 | Orc:2    | Bought a potion of agility for 56 gold pieces
 33239 | Orc:2    | Bought a book of Callings for 330 gold pieces
 33239 | Orc:2    | Bought the Handbook of the Noxious Mountains for 540 gold
                  | pieces
 33244 | Orc:2    | Learned a level 4 spell: Summon Lightning Spire
 33831 | Orc:2    | Bought a book of the Dragon for 990 gold pieces
 33961 | D:12     | Noticed Josephine
 33980 | D:12     | Killed Josephine
 34132 | D:12     | Found Gonym's Assorted Antiques.
 34141 | D:12     | Bought a scorched bone ring for 155 gold pieces
 34141 | D:12     | Identified the ring of Yhig {MR+ Str+4} (You bought it in a
                  | shop on level 12 of the Dungeon)
 34328 | D:12     | Noticed Gastronok
 34357 | D:12     | Killed Gastronok
 34357 | D:12     | Reached XP level 15. HP: 64/64 MP: 2/30
 34510 | D:12     | Reached skill level 1 in Summonings
 35195 | D:12     | Found Rethruos's Assorted Antiques.
 35200 | D:12     | Bought an encrusted bone wand for 120 gold pieces
 35200 | D:12     | Bought a scroll labeled SOANIF ROUG for 30 gold pieces
 35452 | D:13     | You fall into a shaft and drop 1 floor!
 35491 | D:14     | Found a transporter.
 35493 | D:14     | Noticed kmx's ghost (journeyman GnEE)
 35495 | D:14     | Found a transporter.
 35914 | D:13     | Noticed Frances
 35927 | D:13     | Killed Frances
 35929 | D:13     | Noticed Jorgrun
 36001 | D:13     | Killed Jorgrun
 37571 | D:13     | Found a gate to the Vaults.
 38177 | D:14     | Learned a level 3 spell: Regeneration
 38514 | D:15     | Entered Level 15 of the Dungeon
 38523 | D:15     | Reached skill level 14 in Conjurations
 38894 | D:15     | Reached skill level 1 in Charms
 39395 | D:15     | Reached skill level 1 in Necromancy
 39571 | D:15     | Reached skill level 10 in Fire Magic
 39895 | D:15     | Found a shimmering altar of Xom.
 39896 | D:15     | Found a shimmering altar of Xom.
 39902 | D:15     | Found a shimmering altar of Xom.
 40924 | D:15     | Reached XP level 16. HP: 57/69 MP: 30/32
 41074 | D:15     | Found a staircase to the Depths.
 41376 | Shoals:1 | Entered Level 1 of the Shoals
 42290 | Shoals:1 | Noticed a kraken
 42509 | Shoals:1 | Killed a kraken
 42719 | Shoals:1 | Found a runed translucent gate.
 43029 | Shoals:1 | Found a runed translucent gate.
 43029 | Shoals:1 | Found a runed translucent gate.
 43080 | Shoals:1 | Noticed scimitardk's ghost (journeyman MiBe)
 43094 | Shoals:2 | Noticed Donald
 43103 | Shoals:2 | Killed Donald
 43408 | Shoals:1 | Found Myduuvuqosu's Antique Weapon Shoppe.
 43850 | Shoals:2 | Found Ojat's Antique Weapon Shop.
 44231 | Shoals:2 | Found Vurohuj's Mayhem Merchandise.
 45905 | Shoals:3 | Reached skill level 15 in Conjurations
 47050 | Shoals:3 | Found a runed translucent door.
 47051 | Shoals:3 | Found a shimmering altar of Xom.
 47051 | Shoals:3 | Noticed Gyuss's ghost (adept MiBe)
 47177 | Shoals:4 | Entered Level 4 of the Shoals
 47179 | Shoals:4 | Noticed Ilsuiw
 48559 | Shoals:4 | Killed Ilsuiw
 48788 | Shoals:4 | Reached XP level 17. HP: 73/73 MP: 27/34
 49957 | Shoals:4 | Noticed Polyphemus
 49966 | Shoals:4 | Killed Polyphemus
 50572 | Shoals:4 | Got a barnacled rune of Zot
 50580 | Shoals:4 | Learned a level 6 spell: Bolt of Fire
 50860 | Elf:1    | Entered Level 1 of the Elven Halls
 51276 | Elf:1    | Slain by a +5 war axe of holy wrath
 51277 | Elf:1    | Reached XP level 16. HP: 0/70 MP: 38/42
 51289 | Elf:1    | Learned a level 5 spell: Bolt of Magma
 51683 | Elf:1    | Found Esits's Assorted Antiques.
 51683 | Elf:1    | Found Ahuipp's Magic Scroll Shoppe.
 51847 | Elf:1    | Found Midghu Nudos's Book Emporium.
 51851 | Elf:1    | Found Finat's Magic Scroll Shoppe.
 51854 | Elf:1    | Bought a runed pearl ring for 135 gold pieces
 51892 | Elf:1    | Bought a scroll of identify for 36 gold pieces
 51892 | Elf:1    | Bought a scroll of identify for 36 gold pieces
 51896 | Elf:1    | Bought a scroll of fog for 22 gold pieces
 51896 | Elf:1    | Bought a scroll of teleportation for 33 gold pieces
 52456 | Elf:1    | Identified the Papyrus of Creative Conjuration
 52769 | Elf:1    | Found a shimmering blue altar of Sif Muna.
 53042 | Elf:1    | Mangled by a +2 halberd of chopping
 53043 | Elf:1    | Reached XP level 15. HP: -8/67 MP: 27/50
 54717 | Elf:2    | Found a runed translucent gate.
 54717 | Elf:2    | Found a runed translucent gate.
 54717 | Elf:2    | Found a runed translucent gate.
 55009 | Elf:3    | Entered Level 3 of the Elven Halls
 55030 | Elf:3    | Noticed an Executioner
 55121 | Elf:3    | Noticed a deep elf blademaster
 55127 | Elf:3    | Reached XP level 16. HP: 70/70 MP: 34/34
 55295 | Elf:2    | Killed a deep elf blademaster
 55295 | Elf:2    | Reached skill level 16 in Conjurations
 55476 | Elf:3    | Reached skill level 1 in Earth Magic
 55478 | Elf:3    | Noticed a deep elf master archer
 56053 | Elf:3    | Found Xepapock's Jewellery Shoppe.
 56053 | Elf:3    | Found Cudwoech's Gadget Shop.
 56054 | Elf:3    | Found Aghat's Jewellery Shoppe.
 56060 | Elf:3    | Bought a cursed ring of attention for 58 gold pieces
 56060 | Elf:3    | Bought a cursed -5 ring of slaying for 26 gold pieces
 56253 | Elf:3    | Found Xaumig's Weapon Shop.
 56436 | Elf:3    | Noticed Mara
 56802 | Elf:3    | Identified the amulet "Natsenorpho" {rPois Regen+}
 56957 | Elf:3    | Identified the amulet of Xuhidyir {Faith rF+ Str+4 Int+3
                  | Dex+4}
 57050 | Elf:3    | Identified the amulet "Baekes" {Acrobat Int+3 Dex+3 Slay+5}
 57232 | Elf:3    | Noticed MordorOrchid's illusion
 57247 | Elf:3    | Noticed MordorOrchid's illusion
 57713 | Elf:3    | Noticed MordorOrchid's illusion
 58037 | Elf:3    | Noticed MordorOrchid's illusion
 58296 | Elf:3    | Noticed a deep elf master archer
 58297 | Elf:3    | Noticed a deep elf blademaster
 58297 | Elf:3    | Identified the ring "Peteiph" {rPois rF++ Str-5}
 58429 | Elf:3    | Noticed MordorOrchid's illusion
 58429 | Elf:3    | Killed Mara
 58658 | Elf:3    | Killed a deep elf blademaster
 58789 | Elf:3    | Killed a deep elf master archer
 58876 | Elf:3    | Killed a deep elf master archer
 59093 | Elf:3    | Identified the Grimoire of Viperous Heat
 59387 | Lair:1   | Killed cynry's ghost
 59395 | Lair:1   | Killed Xerberus86's ghost
 59543 | Spider:1 | Entered Level 1 of the Spider Nest
 59557 | Spider:1 | Reached skill level 10 in Invocations
 59770 | Spider:1 | Slain by a redback

Levels and vault maps discovered:
D:1:      roderic_chinese_lattice_arrival, layout_loops_cross
D:2:      layout_basic, marbit_many_paths, nicolae_overflow_hidden_temple,
          grunt_qazlal_clouds, overflow_temple_1_default, dk_noncrumbling_4
D:3:      layout_loops_corners, uniq_terence
D:4:      cheibrodos_old_hovel, layout_basic, evilmike_ruin_ashenzari,
          kennysheep_mini_moat, serial_shops, nicolae_shop_trees,
          nicolae_shop_stone, shop, shop, minmay_crossroads
D:5:      layout_basic, nicolae_overflow_crystal_walls, lemuel_doored_altar,
          vehumet_statue, minmay_temple_entry_stoned_glass, first_ration,
          uniq_edmund
D:6:      layout_rooms, uniq_grinder, uniq_menkaure
D:7:      layout_basic, kennysheep_little_box, lemuel_coloured_pillars_altar,
          lemuel_crystal_altar, the_bakery
D:8:      layout_basic, serial_shops, shop, grunt_ministairs_11, tso_altar
D:9:      layout_loops_ring, due_lair_maze_entry_diamond
D:10:     minmay_bloctagon, layout_basic, uniq_fannar
D:11:     layout_roguey [special_room_orc], david_orc_1_choice,
          hangedman_abyss_or_decor_passed
D:12:     layout_irregular_city, serial_shops, nicolae_shop_statue_plus,
          shop_fountains, serial_glass, glass_columns_b, glass_columns_b,
          feat_on_display, feat_on_display, item_on_display_a, uniq_gastronok,
          uniq_josephine
D:13:     layout_loops_ring, hangedman_vaults_entry_quadrant_bands, st_stairs_5,
          minmay_nine_imps, uniq_frances, uniq_jorgrun
D:14:     layout_long_grid, corexii_corridor_pit, gammafunk_ghost_mausoleum,
          lightli_wizard_tower
D:15:     gammafunk_enter_depths_forms, layout_irregular_city,
          serial_park_square2, xom_shifter_show
Lair:1:   layout_hall_layers, gammafunk_ghost_cemetery, st_stairs_9,
          grunt_megastairs_4, lemuel_fruit_tree, infiniplex_staircase_pool_2
Lair:2:   layout_cave_pods, nicolae_spider_entry_non_spiders,
          portal_ice_cave_entry_pillars_1, eino_house_with_fridge
Lair:3:   layout_small_grid
Lair:4:   layout_cave_shapes, minmay_shoals_entry_beasts
Lair:5:   layout_cave_pods
Lair:6:   evil_forest, layout_loops_ring, nicolae_slime_entry_slimehenge,
          special_room [special_room_mythical_zoo], minmay_lair_oklob_chamber
Shoals:1: layout_shoals, gammafunk_ghost_tricky_traps, serial_shops, shop,
          nicolae_shoals_so_close
Shoals:2: cheibrodos_shoals_epimethial_gifts, layout_shoals, serial_shops,
          shop_fountains, minmay_shop_mayhem, yaktaur_hedge, uniq_donald
Shoals:3: layout_shoals, ebering_ghost_xom, nicolae_shoals_circle_sea_wall
Shoals:4: shoals_end_grunt_ice, layout_shoals, shoal_ilsuiw,
          nicolae_shoals_loop_pool, uniq_polyphemus
Spider:1: layout_spider_delve
Orc:1:    layout_diamond_mine
Orc:2:    st_orc_congregation, layout_diamond_mine
Elf:1:    eino_elf_arrival_customs, layout_loops_corners, minmay_elf_sorcery,
          david_defended_altar_elf, minmay_shoptagon
Elf:2:    layout_onion_city, st_stairs_12
Elf:3:    grunt_elf_hall_asides, layout_geoelf_octagon, serial_shops,
          shop_coins, minmay_shop_grove, uniq_mara

Skill      XL: |  1  2  3  4  5  6  7  8  9 10 11 12 13 14 15 16 17 |
---------------+----------------------------------------------------+-----
Conjurations   | 1 2 3 4 5 6 7 8 9 13 14 16 | 16.4
Stealth        | 3 |  3.0
Dodging        | 3 4 5 7 8 9 10 11 12 13 | 13.7
Unarmed Combat | 1 2 3 5 6 7 |  7.0
Fire Magic     | 3 4 5 6 7 8 9 10 12 11 | 12.0
Fighting       | 1 2 3 5 6 7 9 8 |  9.4
Spellcasting   | 3 4 6 7 9 10 13 12 | 13.5
Invocations    | 1 2 4 5 6 7 8 9 10 | 10.0
Evocations     | 3 4 5 6 7 8 |  8.0
Poison Magic   | 2 |  2.0
Air Magic      | 3 4 5 6 7 8 |  8.0
Ice Magic      | 3 5 6 8 |  8.0
Summonings     | 3 4 |  4.1
Charms         | 2 3 |  3.0
Necromancy     | 1 4 |  4.0
Earth Magic    | 3 |  3.0

Action                   |  1- 3 |  4- 6 |  7- 9 | 10-12 | 13-15 | 16-18 || total
-------------------------+-------+-------+-------+-------+-------+-------++-------
Melee: Unarmed           |    12 |    14 |   177 |   134 |   305 |   150 ||   792
       Bite              |     1 |     1 |    13 |    23 |    37 |    17 ||    92
       Punch             |       |       |     2 |     2 |    15 |     6 ||    25
 Cast: Flame Tongue      |    35 |   116 |   133 |   291 |   188 |    88 ||   851
       Throw Flame       |    17 |    23 |    56 |    39 |    55 |    42 ||   232
       Conjure Flame     |       |     7 |     7 |    19 |    24 |     2 ||    59
       Sticky Flame      |       |       |    25 |    35 |   108 |    30 ||   198
       Inner Flame       |       |       |     2 |     5 |     7 |       ||    14
       Fireball          |       |       |    15 |   204 |   415 |   251 ||   885
       Mephitic Cloud    |       |       |       |    13 |    68 |    58 ||   139
       Freezing Cloud    |       |       |       |       |    22 |    53 ||    75
       Summon Lightning  |       |       |       |       |    26 |    70 ||    96
       Bolt of Magma     |       |       |       |       |    45 |   111 ||   156
       Regeneration      |       |       |       |       |    10 |    71 ||    81
       Bolt of Fire      |       |       |       |       |       |    11 ||    11
Invok: Upheaval          |       |       |       |       |       |    12 ||    12
       Disaster Area     |       |       |       |       |       |     1 ||     1
Evoke: Wand              |       |       |    19 |    19 |    45 |    14 ||    97
       Lightning rod     |       |       |       |       |       |    10 ||    10
       Box of beasts     |       |       |       |       |       |     2 ||     2
  Use: Scroll            |     2 |     4 |     4 |    11 |    12 |    13 ||    46
       Potion            |       |       |     2 |     8 |     5 |     8 ||    23
 Stab: Sleeping          |     5 |     1 |       |       |       |       ||     6
       Paralysed         |       |       |     2 |       |     1 |       ||     3
       Confused          |       |       |       |     6 |    28 |    27 ||    61
  Eat: Chunk             |    10 |    10 |    24 |    63 |   125 |    92 ||   324
       Ration            |       |       |       |     1 |       |     6 ||     7
Armor: Skin              |     1 |     3 |    14 |     4 |    15 |     9 ||    46
Dodge: Dodged            |    11 |    37 |   208 |   195 |   481 |   349 ||  1281
       Deflected         |       |       |       |     2 |    21 |    39 ||    62
Block: Other             |       |     1 |    27 |    48 |   210 |   126 ||   412

Table legend:
 A = Non-vault XP
 B = Vault XP
 C = Vault XP percentage of total XP
 D = Non-vault monster count
 E = Vault monster count
 F = Vault count percentage of total count
                 A         B        C        D         E       F
            +---------+---------+-------+---------+---------+-------
      Total |  181417 |  164514 |  47.6 |     711 |     417 |  37.0
            +---------+---------+-------+---------+---------+-------
        D:1 |      38 |       0 |   0.0 |      22 |       0 |   0.0
        D:2 |      64 |       4 |   5.9 |      16 |       1 |   5.9
        D:3 |      81 |      36 |  30.8 |      21 |       1 |   4.5
        D:4 |     166 |       3 |   1.8 |      17 |       1 |   5.6
        D:5 |     248 |     158 |  38.9 |       9 |       1 |  10.0
        D:6 |     526 |     439 |  45.5 |      13 |       2 |  13.3
        D:7 |     668 |     220 |  24.8 |      20 |       1 |   4.8
        D:8 |    2935 |     128 |   4.2 |      24 |       2 |   7.7
        D:9 |    1375 |    2224 |  61.8 |      26 |      12 |  31.6
       D:10 |    1584 |    2701 |  63.0 |      21 |      15 |  41.7
       D:11 |    3099 |    1925 |  38.3 |      25 |      35 |  58.3
       D:12 |    3644 |    3831 |  51.3 |      23 |       6 |  20.7
       D:13 |    5530 |   12400 |  69.2 |      32 |      31 |  49.2
       D:14 |    7999 |     662 |   7.6 |      29 |       2 |   6.5
       D:15 |   15554 |    4452 |  22.3 |      45 |      13 |  22.4
     Lair:1 |    4617 |    2610 |  36.1 |      13 |       5 |  27.8
     Lair:2 |    6324 |    1304 |  17.1 |      20 |      20 |  50.0
     Lair:3 |    6252 |       0 |   0.0 |      22 |       0 |   0.0
     Lair:4 |    4240 |     788 |  15.7 |      17 |       2 |  10.5
     Lair:5 |   13320 |    3899 |  22.6 |      44 |      14 |  24.1
     Lair:6 |    4248 |   16501 |  79.5 |      14 |      49 |  77.8
   Shoals:1 |   16378 |     186 |   1.1 |      32 |       1 |   3.0
   Shoals:2 |    5693 |    9388 |  62.3 |      12 |      14 |  53.8
   Shoals:3 |   13171 |       0 |   0.0 |      28 |       0 |   0.0
   Shoals:4 |    6066 |   26824 |  81.6 |      15 |      37 |  71.2
   Spider:1 |    5384 |       0 |   0.0 |      19 |       0 |   0.0
      Orc:1 |    5252 |    2500 |  32.2 |      30 |       3 |   9.1
      Orc:2 |    4812 |    9187 |  65.6 |      34 |      70 |  67.3
      Elf:1 |   14628 |    9287 |  38.8 |      23 |      16 |  41.0
      Elf:2 |   16930 |    5964 |  26.1 |      29 |       5 |  14.7
      Elf:3 |   10591 |   36865 |  77.7 |      16 |      22 |  57.9
      IceCv |       0 |   10028 | 100.0 |       0 |      36 | 100.0
            +---------+---------+-------+---------+---------+-------
